 Dungeon Crawl Stone Soup version 0.28.0-43-g3370ac3207 (webtiles) character file.

Game seed: 6234817323337576993

716 Kaptain the Digger (level 7, 0/41 HPs)
             Began as a Gargoyle Earth Elementalist on Mar 5, 2022.
             Splashed by a jelly's acid (7 damage)
             ... on level 5 of the Dungeon.
             The game lasted 00:09:50 (4674 turns).

Kaptain the Digger (Gargoyle Earth Elementalist)    Turns: 4674, Time: 00:09:51

Health: 0/41       AC:  0    Str: 11    XL:     7   Next: 69%
Magic:  2/12       EV: 11    Int: 18    God:
Gold:   209        SH:  0    Dex: 10    Spells: 9/13 levels left

rFire   . . .      SeeInvis +   x - +2 lajatang (vamp)
rCold   . . .      Faith    .   (shield currently unavailable)
rNeg    + . .      Spirit   .   v - +0 leather armour
rPois   ∞          Reflect  .   (no helmet)
rElec   +          Harm     .   (no cloak)
rCorr   .          Rampage  .   (no gloves)
Will    .....                   (no boots)
Stlth   ++........              (no amulet)
HPRegen 0.13/turn               e - ring of see invisible
MPRegen 0.13/turn               (no ring)

@: corroded, very slightly contaminated
A: sickness immunity, AC +4, negative energy resistance 1, electricity
resistance, torment resistance 1, petrification resistance
a: no special abilities


You were on level 5 of the Dungeon.
You visited 1 branch of the dungeon, and saw 5 of its levels.

You collected 209 gold pieces.

Inventory:

Hand Weapons
 a - a +0 short sword
 f - a +2 dagger of venom
 x - a +2 vampiric lajatang (weapon)
Missiles
 c - 89 stones
 n - 2 poisoned darts
 r - 6 atropa-tipped darts
 C - 41 sling bullets
Armour
 b - a +0 robe
 q - a +0 buckler
 v - a +0 leather armour (worn)
 B - the +5 scale mail of Bodisev {+Inv rF+++ Str-2 Int-4}
   (You found it on level 4 of the Dungeon)

   Str:       It affects your strength (-2).
   Int:       It affects your intelligence (-4).
   rF:        It renders you almost immune to fire.
   +Inv:      It lets you turn invisible.
Magical Staves
 A - a staff of fire
Jewellery
 e - a ring of see invisible (left hand)
Wands
 s - a wand of acid (10)
 y - a wand of mindburst (14)
Scrolls
 h - a scroll of torment {unknown}
 i - a scroll of fog {unknown}
 j - a scroll of blinking {unknown}
 k - 2 scrolls of identify {unknown}
 m - a scroll of noise {unknown}
 o - a scroll of teleportation {unknown}
 p - a scroll of fear {unknown}
 u - a scroll of brand weapon {unknown}
 z - a scroll of amnesia {unknown}
Potions
 d - a potion of curing
 g - a potion of brilliance {unknown}
 l - a potion of heal wounds {unknown}
 t - a potion of invisibility {unknown}
 w - a potion of lignification {unknown}


   Skills:
 * Level 3.5 Fighting
 + Level 2.2 Armour
 - Level 1.8 Dodging
 + Level 3.5 Stealth
 + Level 2.0 Shields
 * Level 3.9 Spellcasting
 * Level 3.4 Conjurations
 - Level 0.7 Transmutations
 * Level 5.4 Earth Magic


You had 9 spell levels left.
You knew the following spells:

 Your Spells              Type           Power      Damage    Failure   Level
a - Sandblast             Erth           46%        2d11      1%          1
b - Stone Arrow           Conj/Erth      38%        3d9       10%         3

Your spell library contained the following spells:

 Spells                   Type           Power      Damage    Failure   Level
 Passwall                 Tmut/Erth      11%        N/A       9%          2
 Petrify                  Tmut/Erth      14%        N/A       50%         4
 Gell's Gravitas          Tloc           3%         N/A       52%         3
 Teleport Other           Tloc           3%         N/A       52%         3
 Animate Armour           Summ/Erth      26%        N/A       54%         4
 Blade Hands              Tmut           3%         N/A       99%         5
 Iron Shot                Conj/Erth      9%         9d3       99%         6
 Dispersal                Tloc           1%         N/A       100%        6


Dungeon Overview and Level Annotations

Branches:
Dungeon (5/15)
 Temple: D:4-7

Altars:
Cheibriados
Dithmenos
Elyvilon
Gozag
Nemelex Xobeh
Qazlal
Trog
Wu Jian
Yredelemnul

Annotations:
D:4 2 runed translucent doors, daodarkstar's ghost, amateur DsFi


Innate Abilities, Weirdness & Mutations

You are immune to sickness and miasma.
Your stone body is resilient. (AC +4)
You are immune to poison.
You resist negative energy. (rN+)
You are resistant to electric shocks. (rElec)
You are resistant to unholy torment.
You are immune to petrification.


Message History

The blast of sand hits the iguana but does no damage.
The iguana is lightly wounded.
Unknown command.
Casting: Sandblast (safe; 2% risk of failure)
Confirm with . or Enter, or press ? or * to list all spells.
Aiming: Sandblast (safe; 2% risk of failure)
Press: ? - help, Shift-Dir - straight line, f/p - iguana
Aim: an iguana (lightly wounded, 83% to hit)
The blast of sand hits the iguana!
The iguana is severely wounded.
The iguana bites you.
Unknown command.
Casting: Sandblast (safe; 2% risk of failure)
Confirm with . or Enter, or press ? or * to list all spells.
Aiming: Sandblast (safe; 2% risk of failure)
Press: ? - help, Shift-Dir - straight line, f/p - iguana
Aim: an iguana (severely wounded, 83% to hit)
The blast of sand hits the iguana!
You kill the iguana!
Unknown command.
Casting: Sandblast (safe; 1% risk of failure)
Confirm with . or Enter, or press ? or * to list all spells.
Aiming: Sandblast (safe; 1% risk of failure)
Press: ? - help, Shift-Dir - straight line, f - jelly
Aim: a jelly (100% to hit)
The blast of sand hits the jelly!
The jelly is heavily wounded.
The jelly hits you. The acid corrodes you!
You are splashed with acid!
* * * LOW HITPOINT WARNING * * *
Casting: Sandblast (safe; 1% risk of failure)
Confirm with . or Enter, or press ? or * to list all spells.
Aiming: Sandblast (safe; 1% risk of failure)
Press: ? - help, Shift-Dir - straight line, f/p - jelly
Aim: a jelly (heavily wounded, 100% to hit)
You miscast Sandblast.
You are very lightly contaminated with residual magic.
Nothing appears to happen.
The jelly hits you.
* * * LOW HITPOINT WARNING * * *
The acid corrodes you!
You are splashed with acid!
You die...

..##.......# ...
..##.......## ......
............. [......
.......####### #..... .
.......# ####.......
.......#######.....##..#
.............†.........
._..........[#.....##
.....#.......#..@..###..#
.............#..J.......#
.⌠...........#$.........#
.............#...........
..._...#######...........
....)..# ####.#....#.
.......# #.#....#
.......# #.#....#
.......# #.#....+


You could see a jelly.

Vanquished Creatures
  A black bear (D:5)
  A scorpion (D:4)
  A jelly (D:5)
  3 orc priests (D:3)
  2 hounds
  Ijyb (D:3)
  A bullfrog skeleton (D:5)
  2 iguanas
  Natasha (thrice) (D:2)
  3 hound skeletons
  4 adders
  2 ufetubi (D:4)
  A worm (D:2)
  3 dart slugs
  11 orcs
  4 ball pythons
  6 bats
  9 endoplasms
  4 giant cockroaches
  13 goblins
  12 hobgoblins
  5 kobolds
  2 quokkas
  3 frilled lizards
  12 rats
  A spectral orc (D:3)
110 creatures vanquished.

Notes
Turn   | Place    | Note
-------+----------+-------------------------------------------
     0 | D:1      | Kaptain the Gargoyle Earth Elementalist began the quest for
                  | the Orb.
     0 | D:1      | Reached XP level 1. HP: 10/10 MP: 3/3
    26 | D:1      | You fall into a shaft and drop 1 floor!
   106 | D:2      | Reached XP level 2. HP: 16/16 MP: 5/5
   293 | D:2      | Noticed Natasha
   298 | D:2      | Killed Natasha
   299 | D:2      | Reached skill level 1 in Fighting
   299 | D:2      | Reached skill level 1 in Conjurations
   299 | D:2      | Reached XP level 3. HP: 20/20 MP: 0/6
   303 | D:2      | Learned a level 3 spell: Stone Arrow
   366 | D:2      | Noticed Natasha
   854 | D:1      | Reached skill level 4 in Earth Magic
   878 | D:1      | Reached XP level 4. HP: 25/25 MP: 5/7
  1639 | D:2      | Found a faded altar of an unknown god.
  1888 | D:2      | Killed Natasha
  2108 | D:2      | Reached skill level 1 in Armour
  2151 | D:2      | Noticed Natasha
  2175 | D:2      | Killed Natasha
  2176 | D:2      | Reached XP level 5. HP: 23/30 MP: 5/9
  2401 | D:3      | Reached skill level 1 in Shields
  2408 | D:3      | Reached XP level 6. HP: 20/36 MP: 0/10
  3172 | D:3      | Found a basalt altar of Yredelemnul.
  3206 | D:3      | Noticed Ijyb
  3232 | D:3      | Killed Ijyb
  3675 | D:4      | Found a runed translucent door.
  3678 | D:4      | Noticed daodarkstar's ghost (amateur DsFi)
  3866 | D:4      | Identified the +5 scale mail of Bodisev {+Inv rF+++ Str-2
                  | Int-4}
  3962 | D:4      | Reached XP level 7. HP: 32/40 MP: 12/12
  3977 | D:4      | Reached skill level 5 in Earth Magic
  4022 | D:4      | Found a stormy altar of Qazlal.
  4022 | D:4      | Found a snail-covered altar of Cheibriados.
  4029 | D:4      | Found an ornate altar of the Wu Jian Council.
  4056 | D:4      | Found a runed translucent door.
  4111 | D:4      | Found an opulent altar of Gozag.
  4352 | D:4      | Found a bloodstained altar of Trog.
  4455 | D:5      | Entered Level 5 of the Dungeon
  4493 | D:5      | Found a white marble altar of Elyvilon.
  4496 | D:5      | Found a shadowy altar of Dithmenos.
  4500 | D:5      | Found a sparkling altar of Nemelex Xobeh.
  4674 | D:5      | Splashed by a jelly's acid

Illustrated notes

Levels and vault maps discovered:
D:1:      dpeg_arrival_yet_another_circle, layout_basic, st_stairs_13,
          minmay_tromino_v4_a
D:2:      cheibrodos_greedy_goblins, layout_loops_cross, basic_ecumenical_altar,
          uniq_natasha
D:3:      cheibrodos_pilgrimage, layout_basic,
          yredelemnul_forgotten_temple_becter, minmay_misc_feat_tiny,
          minmay_tree_intersection, grunt_ministairs_14, uniq_ijyb
D:4:      layout_loops_ring, mainiacjoe_overflow_tiny_flanked,
          nicolae_overflow_quartered_altars, ebering_ghost_sewer_f, st_stairs_1
D:5:      layout_basic, grunt_temple_overflow_open,
          gammafunk_ghost_gnarly_gnolls

Skill      XL: |  1  2  3  4  5  6  7 |
---------------+----------------------+-----
Fighting       | 1 2 3 |  3.5
Conjurations   | 1 2 3 |  3.4
Earth Magic    | 4 5 |  5.4
Armour         | 1 2 |  2.2
Spellcasting   | 3 |  3.9
Shields        | 1 2 |  2.0
Stealth        | 3 |  3.5
Dodging        | |  1.8
Transmutations | |  0.7

Action                   |  1- 3 |  4- 6 |  7- 9 || total
-------------------------+-------+-------+-------++-------
Melee: Short sword       |    11 |       |       ||    11
       Dagger            |    20 |   117 |       ||   137
       Punch             |       |     2 |       ||     2
       Lajatang          |       |    32 |    30 ||    62
 Cast: Sandblast         |    17 |    51 |    15 ||    83
       Stone Arrow       |       |       |     4 ||     4
 Stab: Sleeping          |     1 |     6 |     2 ||     9
Armor: Robe              |    15 |    24 |       ||    39
       Leather armour    |       |    24 |    12 ||    36
Dodge: Dodged            |    21 |    89 |    27 ||   137
